 Dungeon Crawl Stone Soup version 0.27.1-34-g3ba077fa99 (webtiles) character file.

Game seed: 15678513872012765635

12 comborobin the Sneak (level 2, -2/26 HPs)
             Began as a Hill Orc Delver on Jan 6, 2022.
             Slain by a sky beast (6 damage)
             ... on level 6 of the Dungeon.
             The game lasted 00:00:12 (93 turns).

comborobin the Sneak (Hill Orc Delver)                Turns: 93, Time: 00:00:13

Health: -2/26      AC:  3    Str: 14    XL:     2   Next: 33%
Magic:  2/2        EV: 11    Int: 10    God:
Gold:   0          SH:  0    Dex: 12    Spells: 1/1 levels left

rFire    . . .     SeeInvis .   a - +0 hand axe
rCold    . . .     Faith    .   (no shield)
rNeg     . . .     Spirit   .   b - +0 leather armour
rPois    .         Reflect  .   (no helmet)
rElec    .         Harm     .   (no cloak)
rCorr    .         Rampage  .   (no gloves)
Will     .....                  (no boots)
Stlth    ++........             (no amulet)
HPRegen  0.08/turn              (no ring)
MPRegen  0.08/turn              (no ring)

@: hasted, very quick
A: no striking features
a: no special abilities


You were on level 6 of the Dungeon.
You visited 1 branch of the dungeon, and saw 2 of its levels.

Inventory:

Hand Weapons
 a - a +0 hand axe (weapon)
Armour
 b - a +0 leather armour (worn)
Wands
 g - a wand of digging (3)
Scrolls
 c - a scroll of fog
 d - a scroll of magic mapping
 e - a scroll of fear
Potions
 h - a potion of ambrosia {unknown}


   Skills:
 - Level 3.6 Fighting
 + Level 4.0 Axes
 - Level 1.5 Dodging
 - Level 4.1 Stealth


You had one spell level left.
You didn't know any spells.
Your spell library contained the following spells:

 Spells                   Type           Power      Damage    Failure   Level
 Summon Guardian Golem    Hex/Summ       0%         N/A       82%         3
 Orb of Destruction       Conj           0%         N/A       100%        7
 Spellforged Servitor     Conj/Summ      0%         N/A       100%        7


Dungeon Overview and Level Annotations

Branches:
Dungeon (6/15)
 Temple: D:4-7

Altars:


Message History

The hound skeleton barely misses you. x2
You hit the hound skeleton.
The hound skeleton is almost destroyed.
The hound skeleton bites you but does no damage.
You slash the hound skeleton!
You destroy the hound skeleton!
Your Axes skill gained 2 levels and is now at level 4!
You have reached level 2!
h - a ruby potion You start resting.
HP restored.
No target in view!
A sky beast comes into view.
A sky beast is nearby!
A scorpion comes into view.
Found a stone staircase leading down.
There are monsters nearby!
The sky beast completely misses you.
You completely miss the sky beast.
The sky beast flickers out of sight!
Deactivating autopickup; reactivate with Ctrl-A.
Something hits you but does no damage.
You hit something but do no damage. Something hits you. Something shocks you.
You miss something.
A sky beast appears from thin air!
Reactivating autopickup.
The sky beast barely misses you.
You hit the sky beast but do no damage. The sky beast closely misses you.
You hit the sky beast but do no damage. The sky beast hits you.
The sky beast shocks you.
Found a stone staircase leading up.
The sky beast hits you. The sky beast shocks you.
* * * LOW HITPOINT WARNING * * *
An ogre comes into view. It is wielding a +0 giant club.
There is a stone staircase leading down here.
You climb downwards.
Found a flail and 12 gold pieces.
There is a stone staircase leading up here.
You feel yourself speed up. The sky beast hits you.
* * * LOW HITPOINT WARNING * * *
The sky beast shocks you.
You die...

#.# #.#
#.## #..
#$. #.###
#Y..# #@..#
........###
........+
........#
......J.#
........#
........#
........#


You could see a sky beast and a jelly (asleep).

Vanquished Creatures
  A hound skeleton (D:5)
1 creature vanquished.

Notes
Turn   | Place    | Note
-------+----------+-------------------------------------------
     0 | D:5      | comborobin the Hill Orc Delver began the quest for the Orb.
     0 | D:5      | Reached XP level 1. HP: 19/19 MP: 1/1
    16 | D:5      | Reached XP level 2. HP: 21/26 MP: 2/2
    71 | D:5      | Noticed a sky beast
    73 | D:5      | Noticed a scorpion
    90 | D:5      | Noticed an ogre
    93 | D:6      | Slain by a sky beast

Illustrated notes

Levels and vault maps discovered:
D:5:      layout_cave_pools, minmay_temple_entry_hall, glass_columns_b,
          kennysheep_opposing_triangles, uniq_pikel
D:6:      layout_basic

Skill      XL: |  1 |
---------------+----+-----
Axes           | 4 |  4.0
Fighting       | |  3.6
Dodging        | |  1.5
Stealth        | |  4.1

Action                   || total
-------------------------++-------
Melee: Hand axe          ||    12
  Use: Potion            ||     1
Armor: Leather armour    ||     3
Dodge: Dodged            ||     9
